 Dungeon Crawl Stone Soup version 0.31-a0-149-g3fdcc5976a (webtiles) character file.

Game seed: 13994888603769506661

50 xian the Vexing (level 3, -2/24 HPs)
             Began as a Demonspawn Enchanter on June 7, 2023.
             Slain by Terence
             ... wielding a +0 falchion
              (5 damage)
             ... on level 2 of the Dungeon.
             The game lasted 00:05:22 (1806 turns).

xian the Vexing (Demonspawn Enchanter)              Turns: 1806, Time: 00:05:23

Health: -2/24      AC:  2    Str: 10    XL:     3   Next: 55%
Magic:  3/6        EV: 12    Int: 16    God:
Gold:   188        SH:  0    Dex: 13    Spells: 1/6 levels left

rFire   . . .        a - +1 dagger
rCold   . . .        (no shield)
rNeg    . . .        b - +0 robe
rPois   .            (no helmet)
rElec   .            (no cloak)
rCorr   .            (no gloves)
SInv    .            (no boots)
Will    .....        (no amulet)
Stlth   ++           (no ring)
HPRegen 0.24/turn    (no ring)
MPRegen 0.10/turn

%: no passive effects
@: no status effects
A: powered by pain 1
a: no special abilities


You were on level 2 of the Dungeon.
You visited 1 branch of the dungeon, and saw 3 of its levels.

You collected 188 gold pieces.

Inventory:

Hand Weapons
 a - a +1 dagger (weapon)
Missiles
 h - 5 atropa-tipped darts (quivered)
 j - 3 poisoned darts
 k - 8 stones
 l - 2 boomerangs
Armour
 b - a +0 robe (worn)
Scrolls
 d - a scroll of amnesia {unknown}
 e - 4 scrolls of identify {unknown}
 f - a scroll of noise {unknown}
Potions
 c - a potion of invisibility
 g - a potion of might {unknown}
 i - a potion of haste {unknown}
 m - a potion of curing {unknown}


   Skills:
 + Level 1.9 Short Blades
 + Level 2.1 Dodging
 + Level 3.0 Stealth
 + Level 2.2 Spellcasting
 + Level 3.4 Hexes


You had one spell level left.
You knew the following spells:

 Your Spells              Type           Power      Damage    Failure   Level
a - Ensorcelled Hibernat  Hex/Ice        14%        N/A       16%         2
b - Confusing Touch       Hex            12%        N/A       16%         3

Your spell library contained the following spells:

 Spells                   Type           Power      Damage    Failure   Level
 Apportation              Tloc           2%         N/A       21%         1
 Beastly Appendage        Tmut           2%         N/A       21%         1
 Tukima's Dance           Hex            12%        N/A       16%         3
 Wereblood                Tmut           1%         N/A       30%         2
 Dazzling Flash           Conj/Hex       14%        N/A       30%         3
 Spider Form              Tmut/Pois      1%         N/A       52%         3
 Volatile Blastmotes      Fire/Tloc      2%         2d10      52%         3
 Iskenderun's Mystic Bla  Conj/Tloc      1%         2d3       90%         4
 Alistair's Intoxication  Tmut/Pois      0%         N/A       99%         5
 Starburst                Conj/Fire      0%         6d3       100%        6


Dungeon Overview and Level Annotations

Branches:
Dungeon (3/15)

Altars:
Cheibriados
Dithmenos
Qazlal

Annotations:
D:2 Terence
D:3 2 transporters


Innate Abilities, Weirdness & Mutations

You sometimes gain a little power by taking damage.


Message History

Terence is heavily wounded.
Terence screams, "I'll kill you anyway!"
Terence seems less confused.
Terence hits you with a +0 falchion.
You hit Terence but do no damage.
Terence is heavily wounded.
Terence hits you with a +0 falchion!
You hit Terence.
Terence is severely wounded.
You hit Terence but do no damage.
Terence is severely wounded.
Terence bares his teeth.
Terence hits you with a +0 falchion!
* * * LOW HITPOINT WARNING * * *
You focus on the pain.
You feel your power returning.
You completely miss Terence.
Terence is severely wounded.
Terence hits you with a +0 falchion.
* * * LOW HITPOINT WARNING * * *
You hit Terence but do no damage.
Terence is severely wounded.
Terence misses you.
Unknown command.
Casting: Confusing Touch (quite dangerous; 16% risk of failure)
Confirm with . or Enter, or press ? or * to list all spells.
You don't know that spell.
Casting: Confusing Touch (quite dangerous; 16% risk of failure)
Confirm with . or Enter, or press ? or * to list all spells.
The spell is quite dangerous to miscast (16% risk of failure)!
Continue anyway?
Your hands begin to glow red.
Terence hits you but does no damage.
You hit Terence but do no damage.
Terence appears confused.
Terence is severely wounded.
Terence closely misses you.
You barely miss Terence.
Terence is severely wounded.
You strike the helpless Terence from behind!
You hit Terence.
Terence is severely wounded.
Terence wonders, "What am I doing in here?"
Terence hits you with a +0 falchion.
You die...

#>#)# ##.†.....#
#.#.####.#.⌠#####⌠.#
#........#.##...##.#
###.######.#.⌠.⌠.# #
##.## #.#..<..#
##...## #.#.⌠.⌠.#
#.....# #.##...##
#.(...# #.⌠##'##⌠.#
#...@.# ##.......#
##..@## #########
#.#######.
#.<.......
..........#####.
#########.# .# .# .#


You could see Terence (confused).

Vanquished Creatures
  A mummy (D:3)
  A white imp (D:3)
  A worm (D:3)
  A dart slug (D:1)
  An endoplasm (D:3)
  A giant cockroach (D:2)
  A goblin (D:1)
  2 hobgoblins
  3 jackals (D:1)
  4 kobolds
  A quokka (D:3)
  5 ball pythons
  2 bats
  3 rats
27 creatures vanquished.

Notes
Turn   | Place    | Note
-------+----------+-------------------------------------------
     0 | D:1      | xian the Demonspawn Enchanter began the quest for the Orb.
     0 | D:1      | Reached XP level 1. HP: 13/13 MP: 3/3
   247 | D:1      | Gained mutation: You sometimes gain a little power by
                  | taking damage. [demonic ancestry]
   247 | D:1      | Reached XP level 2. HP: 17/19 MP: 5/5
   816 | D:2      | You fall into a shaft and drop 1 floor!
   820 | D:3      | Found a shadowy altar of Dithmenos.
   822 | D:3      | Reached skill level 1 in Short Blades
   911 | D:3      | Found a transporter.
   912 | D:3      | Noticed an electric eel
   913 | D:3      | Noticed an electric eel
   913 | D:3      | Noticed an electric eel
   920 | D:3      | Found a transporter.
  1008 | D:3      | Learned a level 2 spell: Ensorcelled Hibernation
  1031 | D:3      | Reached XP level 3. HP: 20/24 MP: 6/6
  1374 | D:3      | Found a stormy altar of Qazlal.
  1604 | D:3      | Found a snail-covered altar of Cheibriados.
  1669 | D:2      | Noticed Terence
  1682 | D:2      | HP: 1/24 [Terence/+0 falchion (8)]
  1781 | D:1      | Learned a level 3 spell: Confusing Touch
  1799 | D:2      | HP: 1/24 [Terence/+0 falchion (1)]
  1806 | D:2      | Slain by Terence

Illustrated notes

Levels and vault maps discovered:
D:1:      lightli_arrival_boilingwater, layout_loops_ring,
          minmay_misc_feat_tower
D:2:      layout_loops_ring, grunt_ministairs_11, uniq_terence
D:3:      gammafunk_steamed_eel, layout_loops_ring, old_standard_altar,
          chei_slow_surprise, nicolae_dithmenos_shadow_blocks

Skill      XL: |  1  2 |
---------------+-------+-----
Dodging        | 2 |  2.1
Stealth        | 3 |  3.0
Short Blades   | 1 |  1.9
Spellcasting   | |  2.2
Hexes          | |  3.4

Action                     || total
---------------------------++-------
  Melee: Dagger            ||   137
   Cast: Confusing Touch   ||     2
    Use: Potion            ||     1
   Stab: Sleeping          ||     3
         Confused          ||     3
         Invisible         ||     1
 Armour: Robe              ||    17
  Dodge: Dodged            ||    82

Table legend: (Time is in decaauts)
 A = Elapsed time spent in this place.
 B = Non-inter-level travel time spent in this place.
 C = Inter-level travel time spent in this place.
 D = Time resting spent in this place.
 E = Time spent auto-exploring this place.
 F = Levels seen in this place.
 G = Mean time per level.
                   A        B        C        D        E       F      G
               +--------+--------+--------+--------+--------+-----+--------+
         Total |   1803 |   1787 |     16 |      0 |   1140 |   3 |  601.0 |
       Dungeon |   1803 |   1787 |     16 |      0 |   1140 |   3 |  601.0 |
               +--------+--------+--------+--------+--------+-----+--------+

Top non-repeatable levels by time:
     D:3: 846 daAuts
     D:1: 820 daAuts
     D:2: 136 daAuts
